 Dungeon Crawl Stone Soup version 0.21.1-1-g345015f (webtiles) character file.

392344 shakethe the Peltast (level 23, -8/123 HPs)
             Began as a Vine Stalker Fighter on Feb 23, 2018.
             Was a High Priest of Okawaru.
             Mangled by a flayed ghost (11 damage)
             ... on level 2 of the Depths.
             The game lasted 03:30:09 (51257 turns).

shakethe the Peltast (Vine Stalker Fighter)        Turns: 51257, Time: 03:30:09

Health: -8/123     AC: 25    Str: 21    XL:     23   Next: 12%
Magic:  0/41       EV: 22    Int: 18    God:    Okawaru [*****.]
Gold:   2323       SH:  0    Dex: 18    Spells: 32/48 levels left

rFire    + + .     SeeInvis +   r - +9 triple sword (vamp) {!w}
rCold    + + .     Gourm    .   (shield currently unavailable)
rNeg     + . .     Faith    .   a - +3 fire dragon scales
rPois    .         Spirit   +   b - +1 helmet {SInv}
rElec    +         Reflect  .   l - +0 cloak "Liuxuf" {+Blink rElec rC+}
rCorr    .         Harm     .   s - +3 pair of gloves of Iciyps {Dex+3}
MR       ++++.                  i - +0 pair of boots "Vyneev" {*Contam rC++ rN+}
Stlth    +++.......             y - amulet of magic regeneration
HPRegen  2.10/turn              J - ring of the Mage {Wiz MR++ Int+3}
MPRegen  0.52/turn              Y - +3 ring of evasion

@: flayed, regenerating
A: fangs 3, regeneration 2, magic shield, antimagic bite, no potion heal 3, rot
immunity
}: 2/15 runes: decaying, gossamer
a: Heroism, Finesse, Renounce Religion, Evoke Blink


You were on level 2 of the Depths.
You worshipped Okawaru.
Okawaru was extremely pleased with you.
You were not hungry.

You visited 9 branches of the dungeon, and saw 41 of its levels.
You visited 1 bazaar.
You also visited: Trove, Sewer and Ossuary.

You collected 4763 gold pieces.
You spent 2440 gold pieces at shops.

Inventory:

Hand Weapons
 r - a +9 vampiric triple sword (weapon) {!w}
   (You subdued it on level 2 of the Elven Halls)
 V - the +5 rapier of the Tundras {vamp, Str-4 Int+3 Dex+3}
   (You bought it in a shop on level 11 of the Dungeon)

   It inflicts no extra harm, but heals its wielder when it wounds a living foe.
   It affects your strength (-4).
   It affects your intelligence (+3).
   It affects your dexterity (+3).
Armour
 a - +3 fire dragon scales (worn)
   (You found it on level 1 of the Vaults)
 b - a +1 helmet of see invisible (worn)
   (You bought it in a shop on level 7 of the Dungeon)
 i - the +0 pair of boots "Vyneev" (worn) {*Contam rC++ rN+}
   (You found it on level 3 of the Vaults)

   It greatly protects you from cold.
   It protects you from negative energy.
   It causes magical contamination when unequipped.
 l - the +0 cloak "Liuxuf" (worn) {+Blink rElec rC+}
   (You found it on level 3 of the Vaults)

   It protects you from cold.
   It insulates you from electricity.
   It lets you blink.
 s - the +3 pair of gloves of Iciyps (worn) {Dex+3}
   (Okawaru gifted it to you on level 1 of the Depths)

   It affects your dexterity (+3).
 H - a +1 shield of reflection
   (You took it off Donald on level 2 of the Orcish Mines)
Magical Staves
 A - an uncursed staff of power {unknown}
   (You found it on level 1 of the Depths)
Jewellery
 y - an amulet of magic regeneration (around neck)
   (You found it on level 13 of the Dungeon)
 J - the ring of the Mage (left hand) {Wiz MR++ Int+3}
   (You bought it in a shop on level 2 of the Orcish Mines)

   [ring of wizardry]

   It improves your spell success rate.
   It affects your intelligence (+3).
   It affects your resistance to hostile enchantments.
 Y - a +3 ring of evasion (right hand)
   (You found it on level 3 of the Swamp)
Wands
 t - a wand of enslavement (48)
   (You found it on level 2 of the Lair of Beasts)
 F - a wand of polymorph (70)
   (You took it off Pikel on level 5 of the Dungeon)
 R - a wand of digging (54)
   (You found it on level 9 of the Dungeon)
 T - a wand of paralysis (47)
   (You found it on level 10 of the Dungeon)
Scrolls
 e - 2 scrolls of enchant weapon
 g - 2 scrolls of immolation {!r}
 o - 10 scrolls of amnesia
 C - 2 scrolls of holy word {!r}
 D - 5 scrolls of fog
 K - 4 scrolls of fear
 M - 9 scrolls of teleportation
 P - 7 scrolls of magic mapping {!r}
 Q - 12 scrolls of remove curse
 W - 2 scrolls of silence
 X - 5 scrolls of vulnerability {!r!r}
Potions
 c - 8 potions of ambrosia
 h - 10 potions of flight
 j - 5 potions of cancellation
 k - 10 potions of magic
 m - 5 potions of agility
 n - 8 potions of lignification {!q}
 p - 10 potions of curing
 q - 3 potions of mutation {!q}
 u - 8 potions of resistance
 w - a potion of brilliance
 x - 8 potions of haste
 G - 7 potions of might
 S - 5 potions of berserk rage {!q}
Miscellaneous
 d - a crystal ball of energy
   (You found it on level 1 of the Depths)
 v - 2 sacks of spiders
 B - 2 phantom mirrors
 I - a phial of floods
   (You found it on level 3 of the Elven Halls)
 L - a box of beasts
 N - a lamp of fire
   (You found it on level 2 of the Lair of Beasts)
 U - a lightning rod (4/4)
   (You found it on level 3 of the Elven Halls)
 Z - a fan of gales
   (You found it on level 3 of the Elven Halls)
Comestibles
 f - 34 rations


   Skills:
 - Level 13.8 Fighting
 - Level 14.0 Short Blades
 + Level 0.7(9.3) Long Blades
 - Level 12.8 Armour
 - Level 12.6 Dodging
 - Level 11.6 Stealth
 - Level 15.1 Shields
 - Level 13.0 Spellcasting
 - Level 7.7 Charms
 - Level 7.9 Necromancy
 - Level 7.7 Translocations
 - Level 7.7 Earth Magic
 - Level 9.0 Invocations
 - Level 5.0 Evocations


You had 32 spell levels left.
You knew the following spells:

 Your Spells              Type           Power        Failure   Level  Hunger
a - Borgnjor's Vile Clut  Necr/Erth      #####.....   6%          5    ####...
b - Lesser Beckoning      Tloc           #####.....   1%          3    None
r - Regeneration          Chrm/Necr      #####.....   1%          3    None
z - Lee's Rapid Deconstr  Erth           #####.....   7%          5    ####...


Dungeon Overview and Level Annotations

Branches:
Dungeon (15/15)            Temple (1/1) D:7            Lair (6/6) D:8
  Swamp (4/4) Lair:2       Spider (4/4) Lair:2        Slime (0/5) Lair:6
    Orc (2/2) D:12            Elf (3/3) Orc:2        Vaults (4/5) D:13
  Crypt (0/3) Vaults:3     Depths (2/5) D:15

Altars:
Ashenzari
Cheibriados
Dithmenos
Fedhas
Gozag
Hepliaklqana
Kikubaaqudgha
Makhleb
Nemelex Xobeh
Okawaru
Qazlal
Ru
Sif Muna
Trog
Uskayaw
Vehumet
Wu Jian
Xom
Yredelemnul
Zin
The Shining One
Beogh

Shops:
D:7 [   D:9 !   D:11 [(   D:13 }   Orc:1 ?   Orc:2 ***[   Elf:3 (   Vaults:2 ?
Vaults:4 }?   Depths:1 =}=

Portals:
Hell: Depths:1

Annotations:
D:14 exclusions: obsidian statue and orange crystal statue
Lair:6 exclusion: 3 oklob plants
Depths:1 exclusion: great orb of eyes


Innate Abilities, Weirdness & Mutations

You have razor-sharp teeth.
You heal very quickly.
When hurt, damage is shared between your health and your magic reserves.
Your bite disrupts and absorbs the magic of your enemies.
Potions cannot restore your health.
You are immune to rotting.


Message History

You completely miss the spriggan air mage.
Your bite misses the spriggan air mage.
The spriggan air mage hits you but does no damage.
The spriggan air mage casts a spell at you.
The bolt of lightning hits you! You resist. The bolt of lightning misses you.
You take 6 damage, and have 71/123 hp.
You now have 15/41 mp.
You carve the spriggan air mage like a ham!!!
You kill the spriggan air mage!
Okawaru accepts your kill.
You regained 3 hp, and now have 74/123 hp.
Things that are here:
28 bolts; an arbalest You regained 2 hp, and now have 76/123 hp.
Things that are here:
6 bolts; an uncursed arbalest You regained 2 hp, and now have 78/123 hp.
You start resting.
Your skin is crawling a little less now.
Your skin stops crawling.
You see here a robe.
You regained 41 hp, and now have 119/123 hp.
You regained 11 mp, and now have 28/41 mp.
You see here a robe.
Things that are here:
6 bolts; an uncursed arbalest; Health restored: 123 You see here a robe.
You start resting.
MP restored: 41 You see here a bolt.
There is a stone staircase leading down, spattered with blood here.
You climb downwards.
The vampire knight hits you with a dire flail of crushing.
The vampire knight barely misses you. The stone giant completely misses you.
The vampire knight closely misses you. The vampire knight bites you.
There is a stone staircase leading up, spattered with blood here.
You see here 4 large rocks {!d}.
You take 5 damage, and have 118/123 hp.
You slice the stone giant!! You bite the stone giant! You drain its power.
The stone giant hits you!
The deep elf annihilator mumbles some strange words.
The deep elf annihilator blinks!
The vampire knight hits you but does no damage.
The vampire knight closely misses you. The stone giant completely misses you.
You riposte.
You slash the stone giant!
You take 10 damage, and have 108/123 hp.
You now have 37/41 mp.
You hit the stone giant but do no damage.
You bite the stone giant, but do no damage.
The flayed ghost cries, "Feel what I felt!"
Terrible wounds open up all over your body!
The vampire knight hits you but does no damage.
The vampire knight bites you but does no damage.
The stone giant hits you!!
You take 42 damage, and have 66/123 hp.
MASSIVE DAMAGE!!
You now have 30/41 mp.
You hit the stone giant.
You feel better.
You bite the stone giant, but do no damage.
The vampire knight hits you but does no damage.
The vampire knight bites you.
The vampire knight draws strength from your injuries!
The stone giant closely misses you.
The vampire knight hits you but does no damage.
The vampire knight bites you.
The vampire knight draws strength from your injuries!
You regained 2 hp, and now have 68/123 hp.
You now have 28/41 mp.
You hit the stone giant but do no damage.
You bite the stone giant! You drain its power.
You feel invigorated. The stone giant barely misses you.
The vampire knight misses you.
You riposte.
You slice the vampire knight!!
You bite the vampire knight, but do no damage.
The vampire knight bites you but does no damage.
The stone giant hits you but does no damage.
The deep elf annihilator barely misses you.
You hear a shout!
MP restored: 41 Your skin crawls.
The vampire knight is infused with unholy energy.
The vampire knight draws life force from you and is healed!
The stone giant hits you.
The deep elf annihilator gestures at you while chanting.
The crystal spear hits you!
* * * LOW HITPOINT WARNING * * *
The flayed ghost completely misses you.
You riposte.
You hit the flayed ghost.
You bite the flayed ghost, but do no damage.
You take 36 damage, and have 33/123 hp.
MASSIVE DAMAGE!!
You now have 17/41 mp.
The vampire knight hits you with a dire flail of crushing!!
* * * LOW HITPOINT WARNING * * *
x2 The vampire knight bites you!
* * * LOW HITPOINT WARNING * * *
The vampire knight draws strength from your injuries!
The stone giant misses you.
The deep elf annihilator points at you and mumbles some strange words.
The iron shot hits you!
* * * LOW HITPOINT WARNING * * *
The flayed ghost hits you!
You die...

.# # ... . . #.#
###. .. ... ...
.##
.###.###.###....
..............#
..............#
......W.÷.#.....
.>..##e@V..# .#.
#. ##C÷......
##...##.# .....#
# #.....#
####.## .. ##


You could see a stone giant, a vampire knight, a deep elf annihilator and a
flayed ghost.

Vanquished Creatures
  Mara (Vaults:3)
  Sojobo (Vaults:4)
  A caustic shrike (Depths:2)
  Xtahua (Vaults:4)
  Frederick (Vaults:2)
  Nikola (Vaults:2)
  A golden dragon (Depths:1)
  Jory (Vaults:2)
  A tentacled monstrosity (Depths:1)
  Jorgrun (Vaults:3)
  The ghost of shugdite the Minotaur Blade, an adept MiFi of Okawaru (Vaults:1)
  2 deep elf blademasters (Elf:3)
  A titan (Vaults:3)
  A deep elf master archer (Elf:3)
  Donald (Orc:2)
  The ghost of HedoNNN the Severer, an adept HOFi of Beogh (Swamp:4)
  2 thorn hunters
  A sphinx (Vaults:3)
  A storm dragon (Vaults:2)
  Agnes (D:14)
  4 tengu reavers
  3 frost giants
  4 fire giants
  8 deep elf sorcerers
  The ghost of HEYYEYAAE the Gelid, a journeyman DrIE of Makhleb (Swamp:4)
  9 vault wardens
  5 emperor scorpions
  A spriggan defender (Depths:1)
  3 ghost moths (Spider:4)
  12 deep elf elementalists (Elf:3)
  17 very ugly things
  11 ironheart preservers
  5 entropy weavers
  A vampire knight (Depths:1)
  5 deep elf demonologists
  9 stone giants
  A red draconian (Vaults:3)
  10 deep elf annihilators
  2 spark wasps
  4 fire dragons
  7 deep elf death magi
  7 ettins
  8 ogre magi
  4 great orbs of eyes
  5 deep elf high priests (Elf:3)
  5 yaktaur captains
  Harold (Lair:2)
  A great orb of eyes (shapeshifter) (Vaults:1)
  8 ice dragons
  Josephine (D:10)
  Fannar (Orc:1)
  13 vault guards
  Erolcha (D:13)
  2 rakshasas
  The ghost of Autsider the Cleaver, a journeyman DsGl of Qazlal (Lair:1)
  4 spriggan air magi
  A catoblepas (Lair:6)
  17 hydras
  6 ghost crabs
  28 two-headed ogres
  A satyr (shapeshifter) (Depths:1)
  A death knight (D:13)
  10 centaur warriors
  A tengu warrior (Depths:1)
  9 alligators
  A large abomination (Elf:3)
  3 deep troll shamans (Depths:1)
  A queen ant (Lair:4)
  8 death yaks
  22 dancing weapons
  2 deep troll earth magi
  21 deep elf knights
  2 shadow wraiths (Vaults:3)
  2 storm dragon zombies
  An iron troll (Depths:1)
  6 hell knights (Depths:1)
  A golden dragon zombie (Trove)
  3 unseen horrors
  A spriggan druid (Swamp:2)
  3 flayed ghosts
  4 glowing orange brains
  11 deep elf archers
  A glowing orange brain (shapeshifter) (Depths:1)
  Pikel (D:5)
  5 deep trolls
  11 ironbrand convokers
  A lindwurm (shapeshifter) (Vaults:3)
  11 swamp dragons
  6 wizards
  A phantasmal warrior (Vaults:3)
  4 shambling mangroves
  45 ugly things
  8 orb spiders
  8 orc knights
  4 necromancers
  21 wolf spiders
  A fire giant zombie (Vaults:4)
  47 deep elf magi
  2 orc sorcerers
  A tengu skeleton (Vaults:4)
  A human zombie (Vaults:4)
  8 cyclopes
  A moth of wrath (Spider:4)
  A frost giant skeleton (Vaults:4)
  6 black mambas
  14 vault sentinels
  Maurice (Orc:2)
  An eye of devastation (shapeshifter) (Depths:1)
  Joseph (Lair:1)
  Psyche (D:10)
  2 gargoyles
  30 spiny frogs
  2 torpor snails
  A rime drake (shapeshifter) (Vaults:3)
  49 yaktaurs
  5 rime drakes
  A yaktaur skeleton (Vaults:4)
  10 freezing wraiths
  9 komodo dragons
  7 trolls
  5 demonic crawlers
  A merfolk (D:12)
  22 hornets
  7 polar bears
  A tengu conjurer (Depths:1)
  30 jumping spiders
  A hornet (shapeshifter) (Vaults:2)
  A troll (shapeshifter) (Elf:2)
  A polar bear (shapeshifter) (Vaults:2)
  A sphinx simulacrum (Vaults:4)
  6 bog bodies
  A hippogriff (shapeshifter) (Depths:1)
  7 tyrant leeches
  A blink frog (shapeshifter) (Vaults:4)
  10 slime creatures
  20 blink frogs
  Grinder (D:4)
  A dream sheep (shapeshifter) (Depths:1)
  A frost giant simulacrum (Vaults:4)
  13 hippogriffs
  Sigmund (D:2)
  A fire dragon skeleton (Trove)
  54 redbacks
  3 air elementals
  5 spriggans
  18 tarantellas
  A vampire (D:12)
  A human (D:12)
  7 shadows
  5 wyverns
  19 yaks
  8 wraiths
  Eustachio (D:4)
  2 basilisks
  2 fire elementals
  6 water elementals
  Grum (D:9)
  2 hungry ghosts
  7 wargs
  Edmund (D:4)
  24 vampire mosquitoes
  5 insubstantial wisps (Swamp:3)
  A soldier ant (shapeshifter) (Vaults:4)
  16 soldier ants (Lair:4)
  23 swamp worms
  10 water moccasins
  3 acid dragons
  5 porcupines
  2 sky beasts
  6 swamp drakes
  6 ice beasts
  3 slaves (D:5)
  A black bear (D:7)
  37 orc warriors
  An ice beast (shapeshifter) (Vaults:4)
  2 phantoms
  An ettin simulacrum (Vaults:4)
  28 ogres
  2 eyes of draining (shapeshifter)
  4 wolves (D:9)
  A crocodile (shapeshifter) (Vaults:3)
  28 centaurs
  5 boggarts (Depths:1)
  8 crocodiles
  2 big kobolds
  Blork the orc (D:6)
  A human skeleton (Vaults:4)
  A wyvern zombie (D:6)
  26 bullfrogs
  5 earth elementals
  3 water moccasin zombies (Ossuary)
  A wyvern skeleton (D:14)
  2 scorpions
  9 killer bees
  3 electric eels
  9 crimson imps
  6 hounds
  2 bullfrog zombies (D:13)
  A quasit (Sewer)
  4 centaur zombies
  13 orc priests
  6 jellies
  19 orc wizards
  5 bullfrog skeletons
  5 centaur skeletons
  5 iguanas
  Natasha (twice) (D:4)
  5 hell rats (Lair:4)
  23 worker ants
  A killer bee zombie (D:10)
  5 big kobold zombies
  2 hound skeletons
  2 mummies (Ossuary)
  2 worker ant zombies
  A gnoll (D:1)
  A howler monkey skeleton (D:5)
  10 adders
  8 shadow imps
  3 ufetubi (Sewer)
  3 oozes
  4 adder zombies
  An adder skeleton (D:5)
  A worm (D:2)
  A dart slug (D:1)
  11 leopard geckos
  83 orcs
  A bat zombie (Sewer)
  6 giant cockroaches
  6 goblins
  7 hobgoblins
  19 jackals
  6 quokkas
  7 bats
  6 frilled lizards
  A giant cockroach zombie (Sewer)
  A gnoll zombie (Ossuary)
  3 hobgoblin zombies (Ossuary)
  A jackal skeleton (D:4)
  25 kobolds
  5 kobold zombies
  A leopard gecko skeleton (D:4)
  A leopard gecko zombie (D:6)
  7 orc zombies (Ossuary)
  7 rats
  A briar patch (Swamp:1)
  2 crawling corpses (Elf:3)
  4 plants
  3 withered plants (Swamp:3)
1617 creatures vanquished.

Vanquished Creatures (collateral kills)
  A thorn hunter (Swamp:4)
  A swamp dragon (Swamp:4)
  A swamp drake (Swamp:4)
3 creatures vanquished.

Vanquished Creatures (others)
  A fire giant (Vaults:4)
  Louise (Swamp:2)
  A merfolk javelineer (Depths:1)
  A fire dragon (Vaults:1)
  A centaur warrior (Depths:1)
  A two-headed ogre (Vaults:4)
  A vampire mage (Depths:1)
  A deep elf knight (Elf:2)
  A deep elf archer (Elf:1)
  2 deep trolls (Vaults:2)
  A necromancer (Depths:1)
  2 deep elf magi (Elf:1)
  A wizard (D:12)
  A cyclops (Vaults:1)
  5 yaktaurs
  A swamp worm (Swamp:4)
  3 orc warriors (Orc:2)
  An ogre (Vaults:3)
  3 centaurs
  A scorpion (D:6)
  A hound (D:6)
  A kobold (Elf:1)
  A giant cockroach zombie (Sewer)
  2 briar patches (Swamp:4)
  8 fungi
  57 plants
  2 withered plants (Swamp:3)
102 creatures vanquished.

Grand Total: 1722 creatures vanquished

Notes
Turn   | Place    | Note
-------+----------+-------------------------------------------
     0 | D:1      | shakethe the Vine Stalker Fighter began the quest for the Orb.
     0 | D:1      | Reached XP level 1. HP: 11/11 MP: 2/2
    16 | D:1      | Reached skill level 2 in Short Blades
    16 | D:1      | Reached XP level 2. HP: 5/16 MP: 0/3
   501 | D:1      | Reached XP level 3. HP: 10/19 MP: 4/4
   783 | D:1      | Reached skill level 3 in Shields
  1277 | D:2      | Reached skill level 3 in Fighting
  1438 | D:2      | Gained mutation: Your natural rate of healing is unusually fast. [Vine Stalker growth]
  1438 | D:2      | Reached XP level 4. HP: 24/24 MP: 5/5
  1580 | D:2      | Noticed Sigmund
  1600 | D:2      | HP: 2/24 [something/puff of flame (7)]
  1601 | D:2      | Killed Sigmund
  1601 | D:2      | Reached skill level 3 in Short Blades
  1601 | D:2      | Reached skill level 3 in Armour
  1601 | D:2      | Reached skill level 1 in Dodging
  1601 | D:2      | Reached XP level 5. HP: 3/28 MP: 1/6
  1601 | D:2      | Reached XP level 6. HP: 3/32 MP: 1/7
  1703 | D:2      | Found a snail-covered altar of Cheibriados.
  2305 | D:3      | Found a basalt altar of Yredelemnul.
  2620 | D:4      | Noticed Natasha
  2670 | D:4      | Killed Natasha
  2670 | D:4      | Reached skill level 2 in Dodging
  2744 | D:4      | Noticed Eustachio
  2787 | D:4      | Killed Eustachio
  2787 | D:4      | Reached skill level 4 in Short Blades
  2787 | D:4      | Reached XP level 7. HP: 25/37 MP: 5/8
  2867 | D:4      | Noticed Grinder
  2870 | D:4      | Paralysed by Grinder for 3 turns
  2889 | D:4      | Killed Grinder
  2889 | D:4      | Reached skill level 4 in Fighting
  2889 | D:4      | Reached skill level 4 in Shields
  2976 | D:4      | Noticed Edmund
  3116 | D:4      | Noticed Natasha
  3128 | D:4      | Killed Natasha
  3197 | D:4      | Got a slimy dagger
  3204 | D:4      | Identified the +4 dagger "Omelette" {venom, rElec rPois rF-} (You found it on level 4 of the Dungeon)
  3321 | D:4      | Killed Edmund
  3321 | D:4      | Gained mutation: You have razor-sharp teeth. [Vine Stalker growth]
  3321 | D:4      | Reached XP level 8. HP: 42/42 MP: 9/9
  3405 | D:4      | Reached skill level 5 in Short Blades
  3558 | D:5      | Entered Level 5 of the Dungeon
  3558 | D:5      | Found a blossoming altar of Fedhas.
  3641 | D:5      | Reached skill level 4 in Armour
  3641 | D:5      | Reached skill level 3 in Dodging
  3662 | D:5      | Found a sand-covered staircase.
  3667 | Ossuary  | Entered an ossuary
  3955 | D:5      | Found a glowing drain.
  3972 | Sewer    | Entered a sewer
  4055 | Sewer    | Reached skill level 6 in Short Blades
  4114 | Sewer    | Found a burning altar of Makhleb.
  4320 | Sewer    | Reached skill level 5 in Fighting
  4591 | D:5      | Noticed Pikel
  4631 | D:5      | Killed Pikel
  4631 | D:5      | Reached skill level 4 in Dodging
  4631 | D:5      | Reached XP level 9. HP: 42/47 MP: 8/10
  4673 | D:5      | Reached skill level 7 in Short Blades
  4720 | D:5      | Found a burning altar of Makhleb.
  4720 | D:5      | Noticed a balrug
  4796 | D:5      | Reached skill level 5 in Armour
  5213 | D:6      | Found an opulent altar of Gozag.
  5217 | D:6      | Noticed Blork the orc
  5236 | D:6      | Killed Blork the orc
  5608 | D:6      | Found a shimmering altar of Xom.
  5710 | D:6      | Reached skill level 6 in Fighting
  6111 | D:6      | Reached skill level 8 in Short Blades
  6111 | D:6      | Reached XP level 10. HP: 40/53 MP: 8/11
  6347 | D:6      | Found a shattered altar of Ashenzari.
  6562 | D:7      | Found Zoenneg's Armour Shop.
  6703 | D:7      | Found a staircase to the Ecumenical Temple.
  6723 | D:7      | Reached skill level 5 in Dodging
  6728 | Temple   | Entered the Ecumenical Temple
  7185 | D:7      | Found a sacrificial altar of Ru.
  7915 | D:8      | Noticed a two-headed ogre
  8057 | D:7      | Reached skill level 6 in Armour
  8179 | D:8      | Found a staircase to the Lair.
  8218 | D:8      | Killed a two-headed ogre
  8218 | D:8      | Reached skill level 9 in Short Blades
  8351 | D:8      | Reached skill level 7 in Fighting
  8535 | D:8      | Found a glowing golden altar of the Shining One.
  8536 | D:8      | Found a glowing silver altar of Zin.
  8877 | Lair:1   | Entered Level 1 of the Lair of Beasts
  8907 | D:9      | Reached XP level 11. HP: 58/58 MP: 12/12
  8999 | D:9      | Got a scorched shortbow
  9047 | D:9      | Reached skill level 6 in Dodging
  9161 | D:9      | Found Doust's Distillery.
  9287 | D:9      | Noticed Grum
  9301 | D:9      | Killed Grum
  9301 | D:9      | Reached skill level 10 in Short Blades
  9329 | D:9      | Noticed a two-headed ogre
  9357 | D:9      | Killed a two-headed ogre
  9357 | D:9      | Reached skill level 1 in Spellcasting
  9564 | D:9      | Found an iron altar of Okawaru.
  9622 | D:9      | Became a worshipper of Warmaster Okawaru
  9665 | D:10     | Entered Level 10 of the Dungeon
  9715 | D:10     | Reached skill level 7 in Armour
  9804 | D:10     | Noticed a two-headed ogre
  9812 | D:10     | Killed a two-headed ogre
  9812 | D:10     | Reached skill level 2 in Spellcasting
  9843 | D:10     | Reached * piety under Okawaru
  9988 | D:10     | Noticed a two-headed ogre
  9991 | D:10     | Noticed Psyche
  9998 | D:10     | Killed a two-headed ogre
  9998 | D:10     | Reached skill level 8 in Fighting
 10010 | D:10     | Killed Psyche
 10010 | D:10     | Reached skill level 3 in Spellcasting
 10226 | D:10     | Reached ** piety under Okawaru
 10235 | D:10     | Got an encrusted ring mail
 10292 | D:10     | Noticed Josephine
 10307 | D:10     | Killed Josephine
 10307 | D:10     | Reached skill level 7 in Dodging
 10307 | D:10     | Reached skill level 1 in Invocations
 10307 | D:10     | Reached skill level 1 in Evocations
 10389 | D:10     | Gained mutation: You heal very quickly. [Vine Stalker growth]
 10389 | D:10     | Reached XP level 12. HP: 47/65 MP: 12/18
 10735 | D:11     | Identified the +5 ring mail of a bazaar {*Drain rF+++ Dex+2} (You found it on level 10 of the Dungeon)
 10793 | D:11     | Reached skill level 2 in Invocations
 11081 | D:11     | Found Datux's Armour Shop.
 11202 | D:11     | Found Haqilauwk's Antique Weapon Shop.
 11299 | D:11     | Bought an ancient rapier for 162 gold pieces
 11299 | D:11     | Bought a steaming rapier for 162 gold pieces
 11299 | D:11     | Identified the +5 rapier of the Tundras {vamp, Str-4 Int+3 Dex+3} (You bought it in a shop on level 11 of the Dungeon)
 11585 | D:12     | Reached skill level 4 in Spellcasting
 11585 | D:12     | Reached skill level 2 in Evocations
 11592 | D:12     | Noticed a two-headed ogre
 11603 | D:12     | Killed a two-headed ogre
 11603 | D:12     | Reached *** piety under Okawaru
 11823 | D:12     | Found a staircase to the Orcish Mines.
 11952 | D:12     | Reached **** piety under Okawaru
 11952 | D:12     | Reached skill level 3 in Invocations
 11987 | D:12     | Reached skill level 8 in Armour
 12080 | D:12     | Got a jet-encrusted chain mail
 12243 | D:12     | Reached skill level 3 in Evocations
 12467 | D:12     | Found a bloodstained altar of Trog.
 12591 | D:13     | Found Apezuorch's Gadget Shoppe.
 12800 | D:13     | Noticed a two-headed ogre
 12809 | D:13     | Killed a two-headed ogre
 12809 | D:13     | Reached skill level 5 in Spellcasting
 12890 | D:13     | Noticed Erolcha
 12925 | D:13     | Killed Erolcha
 12925 | D:13     | Reached ***** piety under Okawaru
 12925 | D:13     | Reached skill level 9 in Fighting
 12963 | D:13     | Noticed a two-headed ogre
 12983 | D:13     | Killed a two-headed ogre
 12993 | D:13     | Reached skill level 4 in Invocations
 13065 | D:13     | Received a gift from Okawaru
 13071 | D:13     | Got a brightly glowing hat {god gift}
 13082 | D:13     | Identified the +1 hat of Wonder {rCorr} (Okawaru gifted it to you on level 13 of the Dungeon)
 13107 | D:13     | Noticed a death knight
 13150 | D:13     | Killed a death knight
 13150 | D:13     | Reached XP level 13. HP: 51/70 MP: 17/22
 13321 | Lair:1   | Found a transporter.
 13361 | Lair:1   | Noticed Joseph
 13390 | Lair:1   | Killed Joseph
 13390 | Lair:1   | Reached skill level 8 in Dodging
 13390 | Lair:1   | Reached skill level 4 in Evocations
 13394 | Lair:1   | Found a transporter.
 13457 | Lair:1   | Noticed Autsider's ghost (journeyman DsGl)
 13481 | Lair:1   | Killed Autsider's ghost
 14068 | Lair:2   | Noticed Harold
 14088 | Lair:2   | Killed Harold
 14088 | Lair:2   | Reached skill level 6 in Spellcasting
 14187 | Lair:2   | Found a hole to the Spider Nest.
 14715 | Lair:2   | Found a staircase to the Swamp.
 15825 | Lair:4   | Reached skill level 11 in Short Blades
 16129 | Lair:4   | Noticed an entropy weaver
 16129 | Lair:4   | Noticed an entropy weaver
 16187 | Lair:4   | HP: 16/70 [entropy weaver (11)]
 16192 | Lair:4   | HP: 13/70 [poisoned by a soldier ant]
 16197 | Lair:4   | HP: 14/70 [poisoned by a soldier ant]
 16203 | Lair:4   | HP: 16/70 [poisoned by a soldier ant]
 16335 | Lair:4   | Killed an entropy weaver
 16377 | Lair:4   | Reached skill level 12 in Short Blades
 16466 | Lair:4   | Killed an entropy weaver
 16466 | Lair:4   | Received a gift from Okawaru
 16504 | Lair:4   | Got an encrusted cloak {god gift}
 16510 | Lair:4   | Identified the +2 cloak of the Thinker {Dex+5} (Okawaru gifted it to you on level 4 of the Lair of Beasts)
 16629 | Lair:4   | Reached XP level 14. HP: 57/75 MP: 14/24
 16925 | Lair:4   | Reached skill level 13 in Short Blades
 17965 | Lair:6   | Entered Level 6 of the Lair of Beasts
 18016 | Lair:6   | Reached skill level 14 in Short Blades
 18206 | Lair:6   | Reached skill level 5 in Invocations
 18223 | Lair:6   | Received a gift from Okawaru
 18515 | Lair:6   | Reached skill level 5 in Evocations
 18652 | Lair:6   | Found a staircase to the Slime Pits.
 18713 | Lair:6   | Reached ****** piety under Okawaru
 18713 | Lair:6   | Reached skill level 9 in Armour
 18932 | Lair:6   | Got a polished rapier
 19294 | D:8      | Identified the +5 rapier of Culouc {venom, rElec rN+ Str-3 Int+4} (You found it on level 6 of the Lair of Beasts)
 19295 | D:8      | Identified the +0 rapier of Zyuf {flame, rC+ Int+4 Stlth-} (You bought it in a shop on level 11 of the Dungeon)
 19508 | D:13     | Reached skill level 6 in Invocations
 19523 | D:13     | Reached skill level 7 in Spellcasting
 19538 | D:13     | Found a gate to the Vaults.
 19716 | D:14     | Reached XP level 15. HP: 80/80 MP: 26/26
 19770 | D:14     | Reached skill level 10 in Fighting
 19845 | D:14     | Noticed Agnes
 19856 | D:14     | Killed Agnes
 20064 | D:14     | Reached skill level 9 in Dodging
 20172 | D:14     | Received a gift from Okawaru
 20173 | D:14     | Found the +4 arc blade {discharge, rElec}
 20483 | D:14     | Found a blossoming altar of Fedhas.
 20893 | D:15     | Entered Level 15 of the Dungeon
 21085 | D:15     | Reached skill level 7 in Invocations
 21198 | D:15     | Reached skill level 8 in Spellcasting
 21698 | D:15     | Received a gift from Okawaru
 21703 | D:15     | Got a translucent quick blade {god gift}
 21704 | D:15     | Identified the +3 quick blade of Execution {antimagic, +Fly Int+3} (Okawaru gifted it to you on level 15 of the Dungeon)
 21711 | D:15     | Found a staircase to the Depths.
 21711 | D:15     | Noticed a frost giant
 21771 | D:15     | Killed a frost giant
 22143 | D:8      | Identified a scroll of acquirement
 22363 | Orc:1    | Entered Level 1 of the Orcish Mines
 22370 | Orc:1    | Noticed Fannar
 22423 | Orc:1    | Killed Fannar
 22509 | Orc:1    | Found a roughly hewn altar of Beogh.
 22681 | Orc:1    | Found Ril Ruhi's Magic Scroll Boutique.
 22871 | Orc:2    | Entered Level 2 of the Orcish Mines
 22903 | Orc:2    | Noticed Donald
 22978 | Orc:2    | Killed Donald
 22978 | Orc:2    | Received a gift from Okawaru
 23282 | Orc:2    | Noticed Maurice
 23360 | Orc:2    | Reached skill level 5 in Shields
 23444 | Orc:2    | Killed Maurice
 23570 | Orc:2    | Found a staircase to the Elven Halls.
 23726 | Orc:2    | Found Dotzarphe's General Store.
 23726 | Orc:2    | Found Nuqaf's Assorted Antiques.
 23728 | Orc:2    | Found Qergh's Armour Shop.
 23730 | Orc:2    | Found Kukhla's Assorted Antiques.
 23736 | Orc:2    | Bought the ring of the Mage {Wiz MR++ Int+3} for 723 gold pieces
 23736 | Orc:2    | Found the ring of the Mage {Wiz MR++ Int+3}
 23839 | Orc:1    | Bought a scroll of enchant armour for 105 gold pieces
 24208 | Lair:1   | Reached skill level 6 in Shields
 24217 | Lair:1   | Reached XP level 16. HP: 75/86 MP: 29/29
 24384 | Swamp:1  | Entered Level 1 of the Swamp
 24581 | Swamp:1  | Noticed a thorn hunter
 24588 | Swamp:1  | HP: 20/86 [thorn hunter/volley of thorns (5)]
 24591 | Swamp:1  | HP: 8/86 [thorn hunter/volley of thorns (14)]
 24704 | Swamp:1  | Killed a thorn hunter
 24704 | Swamp:1  | Received a gift from Okawaru
 24704 | Swamp:1  | Reached skill level 7 in Shields
 25284 | Swamp:1  | HP: 16/86 [alligator[a spriggan druid] (19)]
 25317 | Swamp:1  | Reached skill level 8 in Shields
 25436 | Swamp:2  | HP: 18/86 [shambling mangrove (15)]
 25512 | Swamp:1  | shakethe: ??root
 25512 | Swamp:1  | beem: root ~ roots[1/1]: Status caused by shambling mangroves which cancels flying, reduces EV, slows your movement speed (but not action speed). Flying over or swimming or floating in deep water prevents and removes this.
 25625 | Swamp:2  | Noticed Louise
 25651 | Swamp:2  | Killed Louise
 25885 | Swamp:2  | Reached skill level 9 in Shields
 26731 | Swamp:3  | Reached skill level 10 in Shields
 26861 | Swamp:3  | HP: 11/86 [something (15)]
 26998 | Swamp:3  | Received a gift from Okawaru
 27081 | Swamp:3  | Noticed a thorn hunter
 27120 | Swamp:3  | Killed a thorn hunter
 27559 | Swamp:4  | Entered Level 4 of the Swamp
 27692 | Swamp:4  | Reached skill level 11 in Shields
 27776 | Swamp:4  | Noticed HEYYEYAAE's ghost (journeyman DrIE)
 28116 | Swamp:4  | Received a gift from Okawaru
 28117 | Swamp:4  | Found the +4 Vampire's Tooth {vamp}
 28321 | Swamp:4  | HP: 16/86 [HEYYEYAAE's ghost/vampiric draining (16)]
 28336 | Swamp:4  | Killed HEYYEYAAE's ghost
 28336 | Swamp:4  | Reached skill level 12 in Shields
 28336 | Swamp:4  | Reached XP level 17. HP: 33/90 MP: 28/30
 28439 | Swamp:4  | Noticed HedoNNN's ghost (adept HOFi)
 28527 | Swamp:4  | Killed HedoNNN's ghost
 28567 | Swamp:4  | HP: 18/90 [thorn hunter/volley of thorns (9)]
 28567 | Swamp:4  | HP: 6/90 [thorn hunter/volley of thorns (12)]
 28941 | Swamp:4  | Received a gift from Okawaru
 28998 | Swamp:4  | Reached skill level 13 in Shields
 29087 | Swamp:4  | Got a decaying rune of Zot
 29637 | Spider:1 | Entered Level 1 of the Spider Nest
 29888 | Spider:1 | Got a faintly glowing ring mail
 30075 | Spider:1 | Received a gift from Okawaru
 30812 | Spider:2 | HP: 21/90 [tarantella (4)]
 30821 | Spider:2 | Reached skill level 14 in Shields
 31852 | Spider:4 | Entered Level 4 of the Spider Nest
 32210 | Spider:4 | Reached skill level 15 in Shields
 32225 | Spider:4 | Received a gift from Okawaru
 32703 | Spider:4 | Reached skill level 10 in Armour
 32703 | Spider:4 | Reached XP level 18. HP: 80/95 MP: 31/31
 32845 | Spider:4 | Reached skill level 8 in Invocations
 33038 | Spider:4 | Reached skill level 9 in Spellcasting
 33065 | Spider:4 | Got a gossamer rune of Zot
 33108 | Spider:4 | Reached skill level 11 in Fighting
 33410 | D:8      | Identified the +6 chain mail of the Bells {rPois rN+ rCorr} (You found it on level 12 of the Dungeon)
 33443 | D:7      | Bought a +1 helmet of see invisible for 214 gold pieces
 33649 | Elf:1    | Entered Level 1 of the Elven Halls
 33675 | Elf:1    | Found a flickering gateway to a bazaar.
 33723 | Bazaar   | Entered a bazaar
 33726 | Bazaar   | Found Qoel's Antique Weapon Shop.
 33739 | Bazaar   | Found Poepn's Armour Shop.
 33752 | Bazaar   | Found Udiadeo's Antique Weapon Boutique.
 33784 | Bazaar   | Found Gerown's Weapon Boutique.
 34011 | Elf:1    | Reached skill level 10 in Dodging
 34052 | Elf:1    | Received a gift from Okawaru
 34703 | Elf:2    | Reached skill level 9 in Invocations
 35024 | Elf:2    | Found a runed gate.
 35024 | Elf:2    | Found a runed gate.
 35024 | Elf:2    | Found a runed gate.
 35372 | Elf:2    | Reached skill level 10 in Spellcasting
 35563 | Elf:2    | Reached skill level 1 in Stealth
 35747 | Elf:2    | Reached skill level 2 in Stealth
 35758 | Elf:2    | Received a gift from Okawaru
 35804 | Elf:2    | Reached XP level 19. HP: 101/101 MP: 34/34
 35951 | Elf:3    | Entered Level 3 of the Elven Halls
 36118 | Elf:3    | Found Vuovim's Weapon Boutique.
 36167 | Elf:3    | Reached skill level 3 in Stealth
 36204 | Elf:3    | Reached skill level 11 in Armour
 36220 | Elf:3    | Noticed a Brimstone Fiend
 36254 | Elf:3    | HP: 24/102 [ghostly deep elf blademaster/rapier (6)]
 36266 | Elf:3    | Reached skill level 4 in Stealth
 36266 | Elf:3    | Reached skill level 12 in Fighting
 36270 | Elf:3    | HP: 24/102 [deep elf annihilator/exploding inner flame[the player character] (4)]
 36333 | Elf:3    | Received a gift from Okawaru
 36415 | Elf:3    | Reached skill level 5 in Stealth
 36465 | Elf:3    | Reached skill level 11 in Dodging
 37333 | Elf:3    | Found the +7 sceptre of Torment
 37490 | Elf:3    | Identified the cursed +0 ring mail of Context {rF++ rC+ rN+ Int-4} (You found it on level 3 of the Elven Halls)
 37909 | D:8      | Learned a level 3 spell: Regeneration
 37915 | D:8      | Learned a level 5 spell: Borgnjor's Vile Clutch
 37919 | D:8      | Learned a level 3 spell: Lesser Beckoning
 37925 | D:8      | Learned a level 5 spell: Lee's Rapid Deconstruction
 38062 | Vaults:1 | Entered Level 1 of the Vaults
 38150 | Vaults:1 | HP: 22/102 [vault warden/long sword of draining (25)]
 38393 | Vaults:1 | Reached skill level 1 in Necromancy
 38398 | Vaults:1 | Reached skill level 1 in Charms
 38418 | Vaults:1 | Reached skill level 6 in Stealth
 38418 | Vaults:1 | Reached skill level 1 in Earth Magic
 38433 | Vaults:1 | Reached skill level 11 in Spellcasting
 38433 | Vaults:1 | Reached skill level 1 in Translocations
 38903 | Vaults:1 | Received a gift from Okawaru
 38903 | Vaults:1 | Reached skill level 2 in Charms
 38903 | Vaults:1 | Reached skill level 2 in Necromancy
 38906 | Vaults:1 | Reached skill level 2 in Earth Magic
 39027 | Vaults:1 | Reached skill level 2 in Translocations
 39174 | Vaults:1 | Noticed shugdite's ghost (adept MiFi)
 39465 | Vaults:1 | Reached XP level 20. HP: 107/107 MP: 36/36
 39633 | Vaults:1 | Paralysed by a hornet for 1 turns
 39836 | Vaults:1 | Reached skill level 7 in Stealth
 40057 | Vaults:1 | Got a smoking chain mail
 40058 | Vaults:1 | Identified the +7 chain mail "Noroasas" {rC+ Dex+2 Stlth+} (You found it on level 1 of the Vaults)
 40330 | Vaults:1 | Killed shugdite's ghost
 40518 | Vaults:2 | Received a gift from Okawaru
 40518 | Vaults:2 | Reached skill level 3 in Charms
 40518 | Vaults:2 | Reached skill level 3 in Necromancy
 40518 | Vaults:2 | Reached skill level 3 in Earth Magic
 40694 | Vaults:2 | Noticed Jory
 40695 | Vaults:2 | Reached skill level 3 in Translocations
 40738 | Vaults:2 | Killed Jory
 40924 | Vaults:2 | Noticed Nikola
 40957 | Vaults:2 | Killed Nikola
 41121 | Vaults:2 | Found a basalt altar of Yredelemnul.
 41419 | Vaults:2 | Noticed Frederick
 41427 | Vaults:2 | Reached skill level 8 in Stealth
 41475 | Vaults:2 | Killed Frederick
 41687 | Vaults:2 | Reached skill level 4 in Translocations
 41693 | Vaults:2 | Reached skill level 4 in Earth Magic
 41701 | Vaults:2 | Reached skill level 4 in Charms
 41701 | Vaults:2 | Reached skill level 4 in Necromancy
 41970 | Vaults:2 | Found Zatin's Magic Scroll Emporium.
 42472 | Vaults:3 | Identified the cursed +0 cloak "Liuxuf" {+Blink rElec rC+} (You found it on level 3 of the Vaults)
 42511 | Vaults:3 | Identified the ring "Oxuuxude" {rF+ rC- Dex+2 Stlth+} (You found it on level 3 of the Vaults)
 42597 | Vaults:3 | Found a staircase to the Crypt.
 42597 | Vaults:3 | Found an ancient bone altar of Kikubaaqudgha.
 42598 | Vaults:3 | Found a basalt altar of Yredelemnul.
 42679 | Vaults:3 | Received a gift from Okawaru
 42933 | Vaults:3 | Reached XP level 21. HP: 112/112 MP: 37/37
 42976 | Vaults:3 | Reached skill level 12 in Armour
 43211 | Vaults:3 | Reached skill level 9 in Stealth
 43294 | Vaults:3 | Reached skill level 5 in Charms
 43308 | Vaults:3 | Reached skill level 5 in Necromancy
 43350 | Vaults:3 | Reached skill level 5 in Translocations
 43408 | Vaults:3 | Reached skill level 13 in Fighting
 43408 | Vaults:3 | Reached skill level 5 in Earth Magic
 43430 | Vaults:3 | Noticed Jorgrun
 43466 | Vaults:3 | Reached skill level 12 in Spellcasting
 43471 | Vaults:3 | Killed Jorgrun
 43505 | Vaults:3 | Identified the amulet "Fiuxe" {+Rage +Inv} (You took it off a tengu reaver on level 3 of the Vaults)
 43608 | Vaults:3 | Got a pair of bloodstained boots
 43621 | Vaults:3 | Identified the +0 pair of boots "Vyneev" {*Contam rC++ rN+} (You found it on level 3 of the Vaults)
 44339 | Vaults:3 | Noticed Mara
 44364 | Vaults:3 | Noticed shakethe's illusion
 44451 | Vaults:3 | Killed Mara
 44451 | Vaults:3 | Received a gift from Okawaru
 44515 | Vaults:3 | Reached skill level 12 in Dodging
 44557 | Vaults:3 | HP: 28/113 [poisoned by a vault warden]
 44562 | Vaults:3 | HP: 21/113 [poisoned by a vault warden]
 44567 | Vaults:3 | HP: 17/113 [poisoned by a vault warden]
 44572 | Vaults:3 | HP: 16/113 [poisoned by a vault warden]
 44577 | Vaults:3 | HP: 17/113 [poisoned by a vault warden]
 44582 | Vaults:3 | HP: 18/113 [poisoned by a vault warden]
 44587 | Vaults:3 | HP: 22/113 [poisoned by a vault warden]
 44592 | Vaults:3 | HP: 28/113 [poisoned by a vault warden]
 44918 | Vaults:3 | Got a jewelled cloak
 44929 | Vaults:3 | Identified the +2 cloak of Levity {rF- rN+ Int+5} (You acquired it on level 3 of the Vaults)
 45499 | Vaults:4 | Noticed Xtahua
 45529 | Vaults:4 | Killed Xtahua
 45529 | Vaults:4 | Reached skill level 10 in Stealth
 45529 | Vaults:4 | Reached skill level 6 in Charms
 45529 | Vaults:4 | Reached skill level 6 in Necromancy
 45569 | Vaults:4 | Reached skill level 6 in Translocations
 45668 | Vaults:4 | Noticed Sojobo
 45738 | Vaults:4 | Found Muetaic's Magic Scroll Emporium.
 45752 | Vaults:4 | Bought a scroll of blinking for 127 gold pieces
 45754 | Vaults:4 | Bought a scroll of identify for 34 gold pieces
 45754 | Vaults:4 | Bought a scroll of identify for 34 gold pieces
 45754 | Vaults:4 | Bought a scroll of identify for 34 gold pieces
 45754 | Vaults:4 | Bought a scroll of identify for 34 gold pieces
 45754 | Vaults:4 | Bought a scroll of fog for 34 gold pieces
 45754 | Vaults:4 | Bought a scroll of identify for 34 gold pieces
 45754 | Vaults:4 | Bought a scroll of amnesia for 59 gold pieces
 45754 | Vaults:4 | Bought a scroll of magic mapping for 59 gold pieces
 45799 | Vaults:4 | Reached skill level 6 in Earth Magic
 45807 | Vaults:4 | HP: 23/113 [Sojobo/the air (24)]
 45945 | Vaults:4 | Killed Sojobo
 46081 | Vaults:4 | Found Jonyw's Gadget Shop.
 46114 | Vaults:4 | Reached XP level 22. HP: 118/118 MP: 39/39
 47591 | Depths:1 | Entered Level 1 of the Depths
 47591 | Depths:1 | Found a portal to a secret trove of treasure.
 47644 | D:15     | Reached skill level 7 in Necromancy
 47723 | Depths:1 | Reached skill level 7 in Charms
 47870 | Orc:1    | Bought a scroll of summoning for 133 gold pieces
 47870 | Orc:1    | Bought a scroll of fog for 28 gold pieces
 47870 | Orc:1    | Bought a scroll of teleportation for 42 gold pieces
 47870 | Orc:1    | Bought a scroll of teleportation for 42 gold pieces
 47870 | Orc:1    | Bought a scroll of fear for 49 gold pieces
 47870 | Orc:1    | Bought a scroll of fear for 49 gold pieces
 47870 | Orc:1    | Bought a scroll of teleportation for 42 gold pieces
 47870 | Orc:1    | Bought a scroll of teleportation for 42 gold pieces
 47912 | Orc:2    | Bought a scroll of teleportation for 102 gold pieces
 47915 | Orc:2    | Bought a scroll of teleportation for 96 gold pieces
 48058 | Depths:1 | You paid a toll of 15 scrolls of teleportation to enter a treasure trove
 48059 | Trove    | Entered a treasure trove
 48073 | Trove    | Got a pair of translucent boots
 48413 | Trove    | Got a translucent longbow
 48444 | Depths:1 | Identified the +0 pair of boots of the Ward {Int+2} (You found it in a treasure trove)
 48644 | Depths:1 | Received a gift from Okawaru
 48662 | Depths:1 | Reached skill level 11 in Stealth
 48662 | Depths:1 | Reached skill level 7 in Earth Magic
 48698 | Depths:1 | Reached skill level 7 in Translocations
 49030 | Depths:1 | Found a gateway to Hell.
 49155 | Depths:1 | Found Myerr's Gadget Shop.
 49156 | Depths:1 | Found Lomu Qynt's Jewellery Shoppe.
 49156 | Depths:1 | Found Mirurgh's Jewellery Shoppe.
 49328 | Depths:1 | Received a gift from Okawaru
 49343 | Depths:1 | Identified the +3 pair of gloves of Iciyps {Dex+3} (Okawaru gifted it to you on level 1 of the Depths)
 49517 | Depths:1 | Found the +6 shillelagh "Devastator" {shatter}
 49553 | Depths:1 | Identified the +4 rapier of Mayhem {pierce, rC+ Str+3} (You found it on level 1 of the Depths)
 50391 | Depths:2 | Noticed a golden dragon
 50418 | Depths:2 | Noticed a caustic shrike
 50425 | Depths:2 | HP: 29/119 [spriggan defender/enchanted quick blade (8)]
 50430 | Depths:1 | HP: 13/119 [spriggan defender/enchanted quick blade (6)]
 50441 | Depths:1 | Killed a golden dragon
 50441 | Depths:1 | Reached XP level 23. HP: 24/123 MP: 7/40
 50445 | Depths:1 | HP: 30/123 [brown very ugly thing (8)]
 50446 | Depths:1 | HP: 6/123 [spriggan defender/enchanted quick blade (19)]
 50454 | Depths:1 | HP: 19/123 [spriggan defender/enchanted quick blade (3)]
 50458 | Depths:1 | HP: 3/123 [spriggan defender/enchanted quick blade (22)]
 50491 | Depths:1 | Reached skill level 13 in Spellcasting
 50579 | Depths:2 | Killed a caustic shrike
 51257 | Depths:2 | HP: 21/123 [vampire knight/dire flail of crushing (14)]
 51257 | Depths:2 | HP: 3/123 [deep elf annihilator/iron shot (11)]
 51257 | Depths:2 | Mangled by a flayed ghost

Skill      XL: |  1  2  3  4  5  6  7  8  9 10 11 12 13 14 15 16 17 18 19 20 21 22 23 |
---------------+----------------------------------------------------------------------+-----
Short Blades   | 2 3 4 6 8 9 10 12 14 | 14.0
Shields        | 3 4 6 12 15 | 15.1
Fighting       | 3 4 5 6 7 8 9 10 11 12 13 | 13.8
Armour         | 3 4 5 6 7 8 9 10 11 12 | 12.8
Dodging        | 1 2 4 5 7 8 9 10 11 12 | 12.6
Spellcasting   | 3 5 6 7 8 10 11 12 13 | 13.0
Invocations    | 1 4 6 7 9 |  9.0
Evocations     | 1 3 4 5 |  5.0
Stealth        | 2 6 8 10 11 | 11.6
Necromancy     | 2 4 6 7 |  7.9
Charms         | 2 4 6 7 |  7.7
Earth Magic    | 2 4 6 7 |  7.7
Translocations | 2 4 6 7 |  7.7
Long Blades    | |  0.7

Action                   |  1- 3 |  4- 6 |  7- 9 | 10-12 | 13-15 | 16-18 | 19-21 | 22-24 || total
-------------------------+-------+-------+-------+-------+-------+-------+-------+-------++-------
Melee: Rapier            |    82 |   132 |    29 |   294 |  2141 |  1497 |  2773 |  1358 ||  8306
       Bite              |    19 |    30 |   178 |   399 |  1047 |  1556 |  1557 |   723 ||  5509
       Dagger            |       |       |   489 |   779 |    44 |  1467 |       |       ||  2779
       Triple sword      |       |       |       |       |       |       |       |    14 ||    14
 Cast: Lesser Beckoning  |       |       |       |       |       |       |     1 |       ||     1
       Regeneration      |       |       |       |       |       |       |     4 |    10 ||    14
       Borgnjor's Vile C |       |       |       |       |       |       |     4 |     5 ||     9
       Lee's Rapid Decon |       |       |       |       |       |       |       |    24 ||    24
Invok: Heroism           |       |       |       |     2 |    10 |    35 |    33 |     9 ||    89
       Finesse           |       |       |       |       |     3 |     4 |    18 |     1 ||    26
 Abil: Stop Flying       |       |       |       |       |       |     1 |       |       ||     1
       Evoke Blink       |       |       |       |       |       |       |       |     1 ||     1
Evoke: Wand              |       |       |       |     8 |     1 |     7 |       |       ||    16
  Use: Potion            |       |     2 |     1 |       |     4 |     8 |     5 |     1 ||    21
       Scroll            |       |       |    14 |    13 |    14 |    10 |    23 |    14 ||    88
 Stab: Invisible         |       |       |       |       |       |     1 |       |       ||     1
       Sleeping          |       |       |       |       |       |       |    12 |     5 ||    17
       Distracted        |       |       |       |       |       |       |     2 |       ||     2
  Eat: Chunk             |     2 |       |     8 |    21 |    18 |    12 |    20 |    11 ||    92
       Ration            |       |     1 |     1 |     3 |     7 |    10 |     4 |     5 ||    31
Armor: Scale mail        |    30 |    69 |    69 |       |       |       |       |       ||   168
       Chain mail        |       |       |    84 |   228 |       |       |       |       ||   312
       Ring mail         |       |       |       |    74 |   479 |   752 |   221 |       ||  1526
       Fire dragon scale |       |       |       |       |       |       |    76 |   270 ||   346
Dodge: Dodged            |    17 |    84 |   150 |   347 |  1074 |  1606 |   929 |   623 ||  4830
Block: Shield            |    39 |       |       |       |   143 |  1726 |  1191 |   716 ||  3815
       Buckler           |       |    41 |    78 |   167 |   358 |       |       |       ||   644
       Reflection        |       |       |       |       |    40 |    40 |    78 |    37 ||   195
       Large shield      |       |       |       |       |       |    25 |       |       ||    25
       Rpst.: Triple sword |       |       |       |       |       |       |       |     5 ||     5

Vault maps used:
D:1:      zelgadis_glass_arrival_small, minivault_26, minmay_misc_feat_tiny
D:2:      lemuel_round_altar, nicolae_overflow_hidden_temple, first_ration,
          uniq_sigmund
D:3:      lemuel_round_altar
D:4:      uniq_edmund, uniq_eustachio, uniq_grinder, uniq_natasha
D:5:      makhleb_altar_promises_db, fedhas_altar_2, gup_sewer_entry_pipe,
          nicolae_ossuary_entry_false_entrances, uniq_pikel
D:6:      kennysheep_mini, nicolae_gozag_seed_capital, xom_confusion_cloud,
          uniq_blork_the_orc
D:7:      lemuel_doored_altar, minmay_temple_entry_hall, serial_aquarium,
          aquarium_bridge_long_separate, aquarium_bridge_straight,
          aquarium_window_1, aquarium_window_fake, aquarium_window_1,
          aquarium_view_2c, aquarium_pool_2, serial_shops, shop_statue
D:8:      chequers_temple_overflow_statue_of_worship, erik_lair_orcish_takeover
D:9:      marbit_many_paths, serial_shops, shop, uniq_grum
D:10:     uniq_psyche, uniq_josephine
D:11:     serial_shops, nicolae_shop_trees, kennysheep_mini_moat
D:12:     erik_orc_3, hangedman_stone_soup, hangedman_decor_diamond_cutter,
          minivault_25, trog_wizard
D:13:     david_vaults_4, serial_shops, nicolae_shop_trees, grunt_decor_cap,
          uniq_erolcha
D:14:     lemuel_statue_altar, lab_entry_generic, david_greed, uniq_agnes
D:15:     grunt_enter_depths_snipers, serial_corexii_hall,
          corexii_hall_statues_i, corexii_hall_statues_deadend, fountainhead
Temple:   minmay_temple_curvy_loop
Lair:1:   gammafunk_cloud_chamber, uniq_joseph
Lair:2:   swamp_mist, spider_nest_entry_web_field, wad_woods_03,
          grunt_megastairs_1, uniq_harold
Lair:3:   infiniplex_staircase_pool_2
Lair:4:   zaba_antful_of_joy
Lair:5:   grunt_megastairs_5
Lair:6:   minmay_lair_end_frog_pond, minmay_slime_entry_oklob_open,
          cheibrodos_lair_lostbears
Swamp:1:  hangedman_swamp_ruin_wall, swamp_pool2, infiniplex_staircase_pool
Swamp:2:  evilmike_swamp_ruin_house_4, uniq_louise
Swamp:3:  evilmike_swamp_ruin_house_2, swamp_pool2, st_shrine_of_shade
Swamp:4:  swamp_alternative, swamp_pool3
Spider:2: spider_trap, nicolae_spider_cling_ruins
Spider:4: grunt_spider_rune_parallel
Orc:1:    basic_altar, serial_shops, nicolae_shop_stone, uniq_fannar
Orc:2:    st_orc_rangers, uniq_maurice, uniq_donald
Elf:1:    serial_shops, bzr_entry_customers, minivault_28
Elf:3:    minmay_elf_hall_four_x, serial_shops, nicolae_shop_behind_doors
Vaults:1: nicolae_vaults_twisting_passages, ontoclasm_vaults_ligature,
          ontoclasm_vaults_twist, hangedman_vaults_pinch,
          nicolae_vaults_little_squares_6, ontoclasm_vaults_decontamination,
          nicolae_vaults_triangles, vaults_mumra_hexcomb, vaults_mumra_lcd,
          nicolae_vaults_ring_of_whatevers, ontoclasm_vaults_gateway,
          dpeg_vaults_monster_row, nicolae_vaults_big_ls
Vaults:2: st_lines, nicolae_vaults_yaktaur_gun_rack, grunt_vaults_hallway_short,
          v_rooms_6, vaults_dpeg_hooks, vaults_room_hallway, v_misc_19,
          v_rooms_3, v_misc_30, grunt_vaults_hallway_short,
          hangedman_vaults_slice, v_alt_pattern_4, basic_altar, serial_shops,
          shop, uniq_jory, uniq_nikola, uniq_frederick
Vaults:3: st_greater_box_4, minmay_crypt_entry_necro_gods, v_misc_22,
          vaults_dpeg_ring, grunt_vaults_hallway_short,
          hangedman_vaults_slither, nicolae_vaults_circle_grid_a,
          hangedman_vaults_slice, hangedman_vaults_stream, v_misc_1,
          nicolae_vaults_network_quinsquares, nicolae_vaults_theta,
          v_alt_pattern_6, uniq_jorgrun, uniq_mara
Vaults:4: nicolae_vaults_inception_scallops, v_misc_13,
          nicolae_vaults_shelves_hall, hangedman_vaults_maws, v_misc_33,
          vaults_mumra_minichess, nicolae_vaults_three_branches,
          ontoclasm_vaults_claustrophobia, vaults_room_pools,
          vaults_room_stairs_pillars, v_misc_13, vaults_room_pools, v_misc_10,
          grunt_vaults_focal, vaults_room_mumra_shop_pool,
          dpeg_vaults_monster_box, serial_shops, nicolae_shop_stone,
          uniq_xtahua, uniq_sojobo
Depths:1: hell_entry, nicolae_trove_entry_free_sample, minmay_swirly_circle,
          serial_bayou_shore_a, serial_bayou_shore_b, serial_bayou_shore_b,
          grunt_megastairs_3, minmay_shop_grove, serial_bayou_shore_b
Depths:2: minmay_dotted_concentric_squares, minmay_holes,
          pf_vacation_house_of_asmodeus, serial_shops, shop, st_stairs_10,
          minmay_staircase_windowed_small, serial_bayou_shore_b
Bazaar:   bazaar_jpeg_honeycomb
Trove:    trove_hunter_1
Sewer:    kennysheep_sewer_church
Ossuary:  ossuary_tomb_2

Table legend:
 A = Turns spent in this place as a percentage of turns spent in the entire game.
 B = Non-inter-level travel turns spent in this place as a percentage of non-inter-level travel turns spent in the entire game.
 C = Inter-level travel turns spent in this place as a percentage of turns spent in this place.
 D = Turns resting spent in this place as a percentage of non-inter-level travel turns spent in this place.
 E = Turns spent auto-exploring this place as a percentage of non-inter-level travel turns spent in this place.
 F = Non-inter-level travel turns spent in this place divided by the number of levels of this place that you've seen.
                   A       B       C       D       E      F
               +-------+-------+-------+-------+-------+----------------------
         Total | 100.0 | 100.0 |   8.6 |   4.8 |  47.2 | 1041.1
       Dungeon |  33.6 |  31.3 |  14.8 |   6.6 |  59.8 | 978.7
        Temple |   0.4 |   0.5 |   0.0 |   0.0 |  84.0 | 212.0
          Lair |  12.9 |  13.1 |   6.8 |   2.5 |  57.8 | 1023.0
         Swamp |   9.9 |  10.5 |   2.8 |  11.1 |  36.2 | 1228.8
   Spider Nest |   7.3 |   7.7 |   2.9 |   1.2 |  45.5 | 905.0
  Orcish Mines |   3.4 |   3.2 |  14.1 |   2.7 |  46.3 | 752.5
   Elven Halls |   7.6 |   8.1 |   2.6 |   0.5 |  35.2 | 1265.0
        Vaults |  17.3 |  17.6 |   7.0 |   3.4 |  36.0 | 2064.5
        Depths |   5.1 |   5.2 |   6.9 |   2.6 |  37.5 | 1212.5
        Bazaar |   0.4 |   0.4 |   0.0 |   0.0 |  34.8 | 207.0
         Trove |   0.7 |   0.8 |   0.0 |  37.7 |   0.0 | 377.0
         Sewer |   1.0 |   1.0 |   0.0 |   0.0 |  41.3 | 487.0
       Ossuary |   0.4 |   0.5 |   0.0 |   0.0 |   0.0 | 230.0
               +-------+-------+-------+-------+-------+----------------------

Table legend:
 A = Kills in this place as a percentage of kills in entire the game.
 B = Kills by you in this place as a percentage of kills by you in the entire game.
 C = Kills by friends in this place as a percentage of kills by friends in the entire game.
 D = Other kills in this place as a percentage of other kills in the entire game.
 E = Experience gained in this place as a percentage of experience gained in the entire game.
 F = Experience gained in this place divided by the number of levels of this place that you have seen.
                   A       B       C       D       E      F
               +-------+-------+-------+-------+-------+----------------------
         Total | 100.0 | 100.0 | 100.0 | 100.0 | 100.0 | 16074.7
       Dungeon |  25.3 |  25.7 |   0.0 |   0.0 |   9.0 | 4343.3
          Lair |  11.8 |  12.0 |   0.0 |   0.0 |   7.5 | 9019.8
         Swamp |   8.2 |   8.1 | 100.0 |   4.5 |   9.2 | 16563.2
   Spider Nest |   9.7 |   9.9 |   0.0 |   0.0 |   8.8 | 15852.2
  Orcish Mines |   5.2 |   5.0 |   0.0 |  22.7 |   2.0 | 7066.5
   Elven Halls |   8.8 |   8.7 |   0.0 |  18.2 |  14.2 | 34151.0
        Vaults |  21.7 |  21.5 |   0.0 |  36.4 |  37.6 | 68074.0
        Depths |   5.5 |   5.4 |   0.0 |  18.2 |  11.5 | 41525.5
         Trove |   0.2 |   0.2 |   0.0 |   0.0 |   0.3 | 1818.0
         Sewer |   2.1 |   2.1 |   0.0 |   0.0 |   0.0 | 321.0
       Ossuary |   1.5 |   1.6 |   0.0 |   0.0 |   0.0 | 358.0
               +-------+-------+-------+-------+-------+----------------------
